[Event "Titled Tuesday Blitz January 17 Early 2023"]
[White "Le, Tuan Minh"]
[Black "Andreikin, Dmitry"]
[WhiteFideId "12401153"]
[BlackFideId "4158814"]
[WhiteElo "2542"]
[BlackElo "2729"]
[Result "1/2-1/2"]
[Round "10"]
[TimeControl "180+2"]
[Date "2023.01.17"]
[WhiteClock "0:00:07"]
[BlackClock "0:00:03"]

1. d4 Nf6 2. Nf3 c5 3. c3 Qc7 4. Bg5 Ne4 5. Bh4 d5 6. e3 Nc6 7. Nbd2 Bg4 8. Nxe4 dxe4 9. d5 O-O-O 10. Qa4 Rxd5 11. Qxe4 Bxf3 12. gxf3 e6 13. Bc4 Rd7 14. f4 Be7 15. Bg3 g6 16. Qc2 Qb6 17. O-O Rhd8 18. b4 Bf6 19. Rab1 Ne7 20. Rfc1 Nf5 21. Qe4 Rc7 22. Bf1 Qc6 23. Qxc6 Rxc6 24. Bg2 Rc7 25. e4 Nxg3 26. hxg3 cxb4 27. e5 Be7 28. cxb4 Rd2 29. a3 h5 30. Be4 h4 31. Rxc7+ Kxc7 32. Rb3 Re2 33. Bf3 Ra2 34. Rc3+ Kb6 35. Rd3 Kc7 36. Bxb7 hxg3 37. fxg3 a5 38. Bf3 axb4 39. axb4 Bxb4 40. Kf1 Bc5 41. Be2 Bb6 42. Rc3+ Kd8 43. Rb3 Bc5 44. Rc3 Bb4 45. Rc4 Rb2 46. Rd4+ Ke7 47. Bf3 Bc5 48. Rd3 Rf2+ 49. Ke1 Rb2 50. Kf1 Bf2 51. Be2 Bb6 52. Bf3 Kf8 53. Bc6 Kg7 54. Be8 Kf8 55. Bc6 Rc2 56. Be4 Rf2+ 57. Ke1 Rb2 58. Kf1 Bc7 59. Rd7 Bb6 60. Rb7 Rb4 61. Bf3 Bc5 62. Rc7 Be7 63. Kg2 g5 64. fxg5 Bxg5 65. Bh5 Be7 66. Rc8+ Kg7 67. Rc7 Kf8 68. Rc8+ Kg7 69. Rc7 Kf8 1/2-1/2


[Site "https://www.chess.com"]

[Event "Titled Tuesday Blitz January 17 Early 2023"]
[White "Sanal, Vahap"]
[Black "Korobov, Anton"]
[WhiteFideId "6300545"]
[BlackFideId "14105730"]
[WhiteElo "2600"]
[BlackElo "2664"]
[Result "1-0"]
[Round "10"]
[TimeControl "180+2"]
[Date "2023.01.17"]
[WhiteClock "0:00:11"]
[BlackClock "0:00:20"]

1. e4 c5 2. Nf3 d6 3. Bb5+ Nd7 4. c3 Nf6 5. Qe2 a6 6. Ba4 e6 7. O-O Be7 8. d4 O-O 9. e5 dxe5 10. dxe5 Nd5 11. c4 Nb4 12. Nc3 b5 13. cxb5 Nb6 14. Rd1 Qc7 15. Bc2 Nxc2 16. Qxc2 Bb7 17. Qe2 Nd5 18. Nxd5 Bxd5 19. bxa6 c4 20. h4 h6 21. Bf4 Rxa6 22. h5 Rb6 23. Be3 Bc5 24. Bxc5 Qxc5 25. Rac1 Qa5 26. a3 Rfb8 27. Rc2 Qa4 28. Rdd2 Qa6 29. Nd4 Qb7 30. f3 Qe7 31. Qe3 Qh4 32. g4 c3 33. Rxc3 Rxb2 34. Rc8+ Rxc8 35. Rxb2 Qe7 36. Kg2 Ra8 37. Nb5 Ra4 38. Kg3 f5 39. exf6 Qd6+ 40. Nxd6 1-0


[Site "https://www.chess.com"]

[Event "Titled Tuesday Blitz January 17 Early 2023"]
[White "Oparin, Grigoriy"]
[Black "Lenderman, Aleksandr"]
[WhiteFideId "24125890"]
[BlackFideId "2021285"]
[WhiteElo "2667"]
[BlackElo "2572"]
[Result "0-1"]
[Round "10"]
[TimeControl "180+2"]
[Date "2023.01.17"]
[WhiteClock "0:00:02"]
[BlackClock "0:00:09"]

1. e4 e6 2. d4 d5 3. Nc3 dxe4 4. Nxe4 Nd7 5. Nf3 Ngf6 6. Bg5 Be7 7. Nxf6+ Bxf6 8. h4 b6 9. Bb5 Bxg5 10. hxg5 Bb7 11. Ne5 c6 12. Nxc6 Qxg5 13. Ne5 Qxg2 14. Rf1 Ke7 15. Nxd7 Qg5 16. Ne5 f6 17. Qg4 Qh6 18. Nd3 Rac8 19. c3 Rhd8 20. Rg1 g6 21. Rd1 Rd5 22. Nf4 Rf5 23. Nxe6 Rxb5 24. Qe2 Qh5 25. Qxh5 Rxh5 26. Nf4 Rh4 27. Ne2 Rh2 28. Rd3 Kf7 29. Re3 Re8 30. c4 Rxe3 31. fxe3 Bf3 32. Nf4 Rxb2 33. Rf1 Be4 34. a3 Rb3 35. Kd2 Rxa3 36. d5 Ke7 37. Rg1 g5 38. Ne6 Rd3+ 39. Ke2 Rc3 40. Nd4 Rxc4 41. Ra1 a5 42. Ra3 Bxd5 43. Kd3 Rc5 44. e4 Bc4+ 45. Ke3 Be6 46. Ra1 h5 47. Rb1 Rc3+ 48. Kd2 Rc4 49. Kd3 Rc7 50. Rxb6 Bd7 51. Ra6 a4 0-1


[Site "https://www.chess.com"]

[Event "Titled Tuesday Blitz January 17 Early 2023"]
[White "Mitrabha, Guha"]
[Black "Jobava, Baadur"]
[WhiteFideId "5057000"]
[BlackFideId "13601520"]
[WhiteElo "2507"]
[BlackElo "2578"]
[Result "0-1"]
[Round "10"]
[TimeControl "180+2"]
[Date "2023.01.17"]
[WhiteClock "0:00:40"]
[BlackClock "0:01:17"]

1. d4 d5 2. c4 dxc4 3. Nf3 Nf6 4. e3 Bg4 5. Bxc4 e6 6. Nc3 Nc6 7. O-O Bd6 8. h3 Bh5 9. Re1 Qe7 10. g4 Nxg4 11. hxg4 Bxg4 12. Bf1 h5 13. e4 O-O-O 14. Be3 Rh6 15. Bxh6 gxh6 16. Bg2 Nxd4 17. Qxd4 Bxf3 18. Qe3 Bxg2 19. Kxg2 Qh4 20. Kf1 Bc5 21. Qxc5 Qh3+ 0-1


[Site "https://www.chess.com"]

[Event "Titled Tuesday Blitz January 17 Early 2023"]
[White "Svane, Rasmus"]
[Black "Kovalenko, Igor"]
[WhiteFideId "4657101"]
[BlackFideId "14117908"]
[WhiteElo "2623"]
[BlackElo "2674"]
[Result "1/2-1/2"]
[Round "10"]
[TimeControl "180+2"]
[Date "2023.01.17"]
[WhiteClock "0:00:23"]
[BlackClock "0:00:48"]

1. Nf3 d5 2. g3 Nd7 3. d4 Nb6 4. Nc3 Bf5 5. Nh4 Bg4 6. h3 Bh5 7. Qd3 e6 8. e4 c6 9. Ng2 Bg6 10. Nf4 dxe4 11. Nxe4 Nf6 12. Nxg6 hxg6 13. Bg2 Nxe4 14. Bxe4 Be7 15. h4 Nd5 16. Bd2 Bf6 17. O-O-O a5 18. Kb1 Ne7 19. Bc1 Qb6 20. c3 a4 21. Bf3 Nf5 22. h5 gxh5 23. Bxh5 g6 24. Bf3 O-O-O 25. Qc4 Qa5 26. a3 Nd6 27. Qb4 Qxb4 28. axb4 Kd7 29. Ka2 b5 30. Bf4 Nc4 31. Be2 Nb6 32. Kb1 Nd5 33. Bd2 Be7 34. Kc2 Bd6 35. Bf3 f6 36. Rxh8 Rxh8 37. Rh1 Rxh1 38. Bxh1 f5 39. Bf3 Ke7 40. Kd3 Kf6 41. Bc1 g5 42. Bd1 Bc7 43. b3 axb3 44. Bxb3 g4 45. Bd1 Bb6 46. Bd2 Bc7 47. c4 bxc4+ 48. Kxc4 Bd6 49. Be2 Nc7 50. Bd1 Ke7 51. Ba4 Kd7 52. Bc1 Nd5 53. Bd2 Nb6+ 54. Kb3 Nxa4 55. Kxa4 Bc7 56. Kb3 Bb6 57. Kc4 e5 58. Be3 Bc7 59. dxe5 Bxe5 60. Kc5 Bc3 61. Kc4 Be1 62. b5 cxb5+ 63. Kxb5 Kd6 64. Kc4 Ke5 65. Kd3 Kd5 66. Ke2 Bb4 67. f3 Bd6 68. fxg4 fxg4 69. Kf2 Ke4 70. Bb6 Be5 71. Kg2 Kd3 72. Bf2 Bd4 73. Be1 Bc3 74. Bf2 Ke2 75. Bc5 Be1 76. Bd6 Bd2 77. Bc7 Be3 78. Bd6 Bb6 79. Be5 Kd3 80. Bd6 Ke4 81. Bb4 Bd4 82. Bd6 Be5 83. Bc5 Kd3 84. Be7 Bd4 85. Bg5 Be5 86. Be7 Bxg3 87. Kxg3 Ke4 88. Kxg4 1/2-1/2


[Site "https://www.chess.com"]

[Event "Titled Tuesday Blitz January 17 Early 2023"]
[White "Krzyzanowski, Marcin"]
[Black "Dominguez Perez, Leinier"]
[WhiteFideId "1132199"]
[BlackFideId "3503240"]
[WhiteElo "2512"]
[BlackElo "2739"]
[Result "1-0"]
[Round "10"]
[TimeControl "180+2"]
[Date "2023.01.17"]
[WhiteClock "0:00:25"]
[BlackClock "0:00:01"]

1. e4 Nf6 2. e5 Nd5 3. d4 d6 4. c4 Nb6 5. exd6 e6 6. dxc7 Qxc7 7. Nf3 N8d7 8. Nbd2 e5 9. c5 Nd5 10. Bc4 Nf4 11. O-O Be7 12. Ne4 exd4 13. Qxd4 O-O 14. Neg5 Ng6 15. Nxf7 Rxf7 16. Qd5 Nh8 17. Re1 Nxc5 18. Ng5 Bf8 19. b4 Na4 20. Qd3 Bf5 21. Qxf5 g6 22. Qe4 Rc8 23. Nxf7 Nxf7 24. Be6 Rd8 25. Bg5 Rb8 26. Rac1 1-0


[Site "https://www.chess.com"]

[Event "Titled Tuesday Blitz January 17 Early 2023"]
[White "Predke, Alexandr"]
[Black "Kilic, Eray"]
[WhiteFideId "24107581"]
[BlackFideId "44517173"]
[WhiteElo "2685"]
[BlackElo "2414"]
[Result "1-0"]
[Round "10"]
[TimeControl "180+2"]
[Date "2023.01.17"]
[WhiteClock "0:00:04"]
[BlackClock "0:00:08"]

1. e4 c5 2. Nf3 d6 3. Nc3 Nf6 4. h3 a6 5. g4 Nc6 6. g5 Nd7 7. d4 cxd4 8. Nxd4 Nde5 9. Be3 e6 10. f4 Nxd4 11. Bxd4 Nc6 12. Be3 Be7 13. h4 h6 14. Rg1 hxg5 15. hxg5 Qa5 16. Qd2 Bd7 17. O-O-O O-O-O 18. Qf2 Kc7 19. Bc4 b5 20. Bb3 Kb7 21. f5 Ne5 22. f6 gxf6 23. gxf6 Bf8 24. Kb1 Bc6 25. a3 Qc7 26. Rd4 Bh6 27. Bxh6 Rxh6 28. Ka2 Rh3 29. Rgd1 Rf3 30. Qh4 Ng6 31. Qg5 Ne5 32. Qg7 Rf4 33. R4d2 Rg4 34. Qh6 Rg6 35. Qf4 Ng4 36. Rg2 Ne5 37. Rxg6 Nxg6 38. Qf2 Ne5 39. Qf4 a5 40. Kb1 a4 41. Ba2 Rg8 42. Ne2 Rg6 43. Nd4 Bd7 44. c3 Rg4 45. Qh6 Rxe4 46. Qf8 Rf4 47. Nc2 Rxf6 48. Nb4 Rf2 49. Ka1 d5 50. Bb1 Nc4 51. Bc2 Ne3 52. Rc1 Nxc2+ 53. Nxc2 Qf4 54. Kb1 Qc7 55. Nb4 e5 56. Ka1 Be6 57. Nd3 Rf3 58. Nc5+ Kc6 59. Nxe6 Qd6 60. Nd8+ Kd7 61. Qxd6+ Kxd6 62. Nb7+ Kc6 63. Na5+ Kb6 64. b4 d4 65. cxd4 Rxa3+ 66. Kb2 Re3 67. Rc6+ Ka7 68. d5 Rd3 69. d6 e4 70. Rc7+ Kb6 71. Rc6+ Ka7 72. Rc7+ Kb6 73. Rb7+ Ka6 74. Rxf7 Rxd6 75. Re7 Rd4 76. Re6+ Ka7 77. Nc6+ 1-0


[Site "https://www.chess.com"]

[Event "Titled Tuesday Blitz January 17 Early 2023"]
[White "Murzin, Volodar"]
[Black "Paravyan, David"]
[WhiteFideId "44155573"]
[BlackFideId "4194985"]
[WhiteElo "2604"]
[BlackElo "2601"]
[Result "0-1"]
[Round "10"]
[TimeControl "180+2"]
[Date "2023.01.17"]
[WhiteClock "0:00:01"]
[BlackClock "0:00:12"]

1. Nf3 Nf6 2. g3 g6 3. Bg2 Bg7 4. O-O O-O 5. c4 c6 6. Nc3 d5 7. cxd5 cxd5 8. d4 Ne4 9. Ne5 Nxc3 10. bxc3 Nc6 11. Nxc6 bxc6 12. Ba3 Ba6 13. Re1 Re8 14. e4 e6 15. e5 Bf8 16. Bxf8 Rxf8 17. Qa4 Bb5 18. Qa3 Re8 19. Rab1 Qe7 20. Qa5 Reb8 21. Rb4 Bd3 22. Bf1 Bxf1 23. Rxf1 c5 24. Qxc5 Qxc5 25. dxc5 Rc8 26. Rb5 Rc6 27. c4 d4 28. Rd1 Rd8 29. Rd3 a6 30. Ra5 g5 31. g4 Kg7 32. Kg2 f6 33. Kf3 fxe5 34. Ke4 Kf6 35. Rf3+ Ke7 36. Rb3 h6 37. Rh3 Kf7 38. Rd3 Kf6 39. Rf3+ Kg6 40. Rd3 Kf6 41. Rf3+ Ke7 42. Rh3 h5 43. gxh5 g4 44. Rg3 Kf6 45. Rxg4 d3 46. Rg6+ Kf7 47. Rg1 d2 48. Rd1 Kf6 49. Ke3 Rh8 50. Rxd2 Rxh5 51. Rd6 Rh3+ 52. Ke2 Rc7 53. Rdxa6 Kf5 54. c6 Rc3 55. Ra4 Ke4 56. Rb4 Rc2+ 57. Ke1 Rg7 58. Kf1 Rc1+ 59. Ke2 Rc2+ 60. Kf1 Rf7 61. c5+ Kd5 62. c7 Rxc7 63. Rb3 Rf7 64. Rd6+ Kxc5 65. Rxe6 Rfxf2+ 66. Kg1 Rg2+ 67. Kf1 Rxh2 68. Rxe5+ Kd6 69. Re2 Rcxe2 0-1


[Site "https://www.chess.com"]

[Event "Titled Tuesday Blitz January 17 Early 2023"]
[White "Rakhmanov, Aleksandr"]
[Black "Vokhidov, Shamsiddin"]
[WhiteFideId "4173708"]
[BlackFideId "14204223"]
[WhiteElo "2632"]
[BlackElo "2586"]
[Result "1-0"]
[Round "10"]
[TimeControl "180+2"]
[Date "2023.01.17"]
[WhiteClock "0:00:23"]
[BlackClock "0:00:51"]

1. d4 Nf6 2. c4 e6 3. Nc3 Bb4 4. e3 O-O 5. Bd3 d5 6. a3 Bxc3+ 7. bxc3 dxc4 8. Bxc4 c5 9. Ne2 Qc7 10. Bd3 e5 11. O-O Nc6 12. Ng3 Be6 13. f4 exd4 14. cxd4 Rad8 15. Rb1 a6 16. h3 h6 17. Bb2 c4 18. Bc2 Rfe8 19. e4 Qb6 20. Ne2 Bc8 21. e5 Nd5 22. Rf3 Qa5 23. Kh1 b5 24. Qc1 Bb7 25. f5 c3 26. Rg3 Kf8 27. f6 g5 28. Rxg5 cxb2 29. Rg8+ Kxg8 30. Qxh6 Nxf6 31. exf6 Nxd4 32. Qg7# 1-0


[Site "https://www.chess.com"]

[Event "Titled Tuesday Blitz January 17 Early 2023"]
[White "Gholami Orimi, Mahdi"]
[Black "Rustemov, Alexander"]
[WhiteFideId "12558486"]
[BlackFideId "4119002"]
[WhiteElo "2420"]
[BlackElo "2525"]
[Result "0-1"]
[Round "10"]
[TimeControl "180+2"]
[Date "2023.01.17"]
[WhiteClock "0:00:09"]
[BlackClock "0:00:16"]

1. d4 d5 2. c4 c6 3. Nf3 Nf6 4. e3 Bf5 5. Nc3 e6 6. Nh4 Be4 7. Qb3 Qc7 8. f3 Bg6 9. g3 Be7 10. Bd2 O-O 11. Nxg6 hxg6 12. Bg2 Nbd7 13. Rc1 Nb6 14. cxd5 exd5 15. Rc2 Nc4 16. Bc1 Na5 17. Qa4 a6 18. Re2 Rfe8 19. O-O Nc4 20. Qd1 c5 21. b3 Na5 22. Bb2 cxd4 23. exd4 Bb4 24. Rc2 Nc6 25. Na4 Re3 26. Nc5 Rae8 27. Nd3 Ba5 28. Ne5 Bb6 29. Kh1 Qd6 30. Nxc6 bxc6 31. Qc1 Qb4 32. Rxc6 Bxd4 33. Ba3 Qb5 34. Rc8 Rxc8 35. Qxc8+ Re8 36. Qc7 Bb6 37. Qf4 Re2 38. Rc1 Qe8 39. Qb4 Bf2 40. Bf1 Rxa2 41. Bxa6 Qe3 42. Rc8+ Kh7 43. Kg2 Bxg3+ 44. Kxg3 Nh5+ 45. Kg4 Rg2+ 46. Kh4 Rxh2+ 47. Kg4 Qg1# 0-1


[Site "https://www.chess.com"]

[Event "Titled Tuesday Blitz January 17 Early 2023"]
[White "Timofeev, Artyom"]
[Black "Sychev, Klementy"]
[WhiteFideId "4140419"]
[BlackFideId "4114060"]
[WhiteElo "2567"]
[BlackElo "2547"]
[Result "1-0"]
[Round "10"]
[TimeControl "180+2"]
[Date "2023.01.17"]
[WhiteClock "0:00:02"]
[BlackClock "0:00:01"]

1. e4 e5 2. Nf3 Nc6 3. Bb5 a6 4. Ba4 b5 5. Bb3 Na5 6. O-O d6 7. c3 Nxb3 8. axb3 Bb7 9. Re1 Ne7 10. d4 Ng6 11. Bg5 Qc8 12. Nbd2 h6 13. Be3 Be7 14. d5 f5 15. exf5 Qxf5 16. c4 O-O 17. Qb1 Qf7 18. Ne4 Bc8 19. cxb5 Qxd5 20. bxa6 Rxa6 21. Rxa6 Bxa6 22. Nc3 Qf7 23. Qe4 Rb8 24. Nd5 Rxb3 25. Qxg6 Qxd5 26. Bxh6 Qf7 27. Qxf7+ Kxf7 28. Bc1 Bf6 29. Nd2 Rb4 30. Ne4 d5 31. Nxf6 gxf6 32. f3 d4 33. h4 Bb7 34. h5 c5 35. Kf2 c4 36. Rh1 Kg7 37. Rh3 Bd5 38. Rg3+ Kh7 39. Rg6 Rb6 40. Rh6+ Kg7 41. Rg6+ Kf7 42. Rg3 Rb8 43. h6 Rh8 44. Rg7+ Ke6 45. g4 e4 46. fxe4 Bxe4 47. Kg3 c3 48. bxc3 dxc3 49. Rc7 c2 50. Kf4 Bd3 51. Kf3 Bg6 52. Rg7 Bd3 53. Ke3 Bc4 54. h7 Bd5 55. Kd4 Bf3 56. Ke3 Bd5 57. Bb2 Bc6 58. g5 Be8 59. gxf6 Bf7 60. Kf4 Rb8 61. Bc1 Kxf6 62. Rg1 Rb4+ 63. Ke3 Rb3+ 64. Kd2 Rh3 65. Rh1 1-0


[Site "https://www.chess.com"]

[Event "Titled Tuesday Blitz January 17 Early 2023"]
[White "Postny, Evgeny"]
[Black "Grandelius, Nils"]
[WhiteFideId "2804344"]
[BlackFideId "1710400"]
[WhiteElo "2549"]
[BlackElo "2664"]
[Result "0-1"]
[Round "10"]
[TimeControl "180+2"]
[Date "2023.01.17"]
[WhiteClock "0:01:06"]
[BlackClock "0:01:15"]

1. Nf3 c5 2. c4 Nc6 3. g3 e5 4. Bg2 g6 5. Nc3 Bg7 6. O-O Nge7 7. Ne1 d6 8. Nc2 Be6 9. Ne3 h5 10. h4 Qd7 11. Ncd5 O-O 12. d3 Bh3 13. Rb1 Bxg2 14. Kxg2 f5 15. f4 Rae8 16. Bd2 Nxd5 17. Nxd5 Ne7 18. Nxe7+ Rxe7 19. e3 d5 20. Bc3 exf4 21. Bxg7 Kxg7 22. exf4 Rfe8 23. Rf2 Re3 24. d4 dxc4 25. dxc5 Rd3 26. Qc2 Ree3 27. Kh2 Rxg3 28. Qxc4 Qc6 0-1


[Site "https://www.chess.com"]

[Event "Titled Tuesday Blitz January 17 Early 2023"]
[White "Kravtsiv, Martyn"]
[Black "Dourerassou, Jonathan"]
[WhiteFideId "14113147"]
[BlackFideId "628050"]
[WhiteElo "2598"]
[BlackElo "2414"]
[Result "0-1"]
[Round "10"]
[TimeControl "180+2"]
[Date "2023.01.17"]
[WhiteClock "0:00:09"]
[BlackClock "0:00:25"]

1. e4 e6 2. d4 d5 3. e5 c5 4. c3 Nc6 5. Nf3 Bd7 6. Be2 Qb6 7. O-O f6 8. dxc5 Bxc5 9. b4 Be7 10. Be3 Qc7 11. exf6 Nxf6 12. Nbd2 O-O 13. Rc1 e5 14. b5 Na5 15. h3 Rad8 16. a4 b6 17. Qc2 Bc8 18. Rfd1 Bb7 19. Ng5 Bc8 20. Ngf3 h6 21. Nh4 d4 22. cxd4 Qxc2 23. Rxc2 exd4 24. Ng6 Bc5 25. Bxd4 Rxd4 26. Nxf8 Kxf8 27. Nf3 Rxd1+ 28. Bxd1 Bf5 29. Re2 Nc4 30. Ne5 Nxe5 31. Rxe5 Bd7 32. Bb3 Bd6 33. Re1 Be8 34. g3 Bf7 35. Bxf7 Kxf7 36. f4 Nd7 37. Rd1 Ke6 38. Kg2 Nc5 39. Rd4 Be7 40. g4 Bf6 41. f5+ Ke5 42. Rb4 Kd5 43. Kf3 Bc3 44. Rb1 Nxa4 45. Rb3 Kc4 46. Ra3 Kxb5 47. Ke4 a5 48. h4 Kb4 49. Ra2 Bf6 50. Rh2 Kc4 51. Kf4 Nc3 52. g5 Nd5+ 53. Kg4 hxg5 54. hxg5 Bc3 55. f6 gxf6 56. g6 Ne7 57. Kh5 f5 58. Re2 Nd5 59. Kg5 f4 60. Rc2 Kd3 61. Ra2 f3 62. Kf5 Ne3+ 63. Ke6 Nc2 64. Ra4 f2 65. Rf4 Ke2 0-1


[Site "https://www.chess.com"]

[Event "Titled Tuesday Blitz January 17 Early 2023"]
[White "Csonka, Balazs"]
[Black "Zhigalko, Sergei"]
[WhiteFideId "742910"]
[BlackFideId "13502956"]
[WhiteElo "2496"]
[BlackElo "2572"]
[Result "1/2-1/2"]
[Round "10"]
[TimeControl "180+2"]
[Date "2023.01.17"]
[WhiteClock "0:00:04"]
[BlackClock "0:00:02"]

1. d4 Nf6 2. c4 e6 3. Nc3 Bb4 4. f3 d5 5. a3 Be7 6. e4 dxe4 7. fxe4 e5 8. d5 O-O 9. Be2 Bc5 10. Nf3 Ng4 11. b4 Bf2+ 12. Kd2 a5 13. Bb2 Be3+ 14. Kc2 Nf2 15. Qg1 axb4 16. axb4 Rxa1 17. Bxa1 Na6 18. Na2 c5 19. Bxe5 Re8 20. Bf4 Bxf4 21. Qxf2 Rxe4 22. Bd3 Be3 23. Qg3 Rg4 24. Qe5 Rxg2+ 25. Kb1 Rxa2 26. Kxa2 Nxb4+ 27. Kb3 Bh6 28. Re1 Bd7 29. Bf5 Ba4+ 30. Kxa4 Qa8+ 31. Kb5 Qa6+ 32. Kxc5 g6 33. Qe8+ Bf8+ 34. Kd4 Qb6+ 35. Kc3 Na2+ 36. Kc2 Qb4 37. Ne5 Qc3+ 38. Kd1 Qd4+ 39. Ke2 Nc3+ 40. Kf1 Qf4+ 41. Kg1 Qxf5 42. Nd7 Qg4+ 43. Kf1 Qf3+ 44. Kg1 Qg4+ 45. Kf2 Qf4+ 46. Kg2 Qg4+ 47. Kf2 Qf4+ 48. Kg1 Qg4+ 1/2-1/2


[Site "https://www.chess.com"]

[Event "Titled Tuesday Blitz January 17 Early 2023"]
[White "Pultinevicius, Paulius"]
[Black "Flores Quillas, Diego Saul Rodri"]
[WhiteFideId "12809390"]
[BlackFideId "3822508"]
[WhiteElo "2537"]
[BlackElo "2359"]
[Result "0-1"]
[Round "10"]
[TimeControl "180+2"]
[Date "2023.01.17"]
[WhiteClock "0:00:09"]
[BlackClock "0:00:04"]

1. d4 Nf6 2. Bf4 d5 3. e3 c5 4. Nf3 Nc6 5. c3 Qb6 6. Qb3 c4 7. Qc2 Bf5 8. Qc1 e6 9. Nh4 Bg6 10. Nxg6 hxg6 11. h3 Qa5 12. Nd2 b5 13. b4 Qb6 14. a4 Be7 15. axb5 Qxb5 16. Nb3 O-O 17. Be2 Qb6 18. Nc5 a5 19. bxa5 Rxa5 20. Rb1 Rb5 21. Rxb5 Qxb5 22. O-O Bxc5 23. dxc5 Qxc5 24. Qc2 e5 25. Bh2 Rb8 26. Rd1 Rb3 27. Bf3 Qa5 28. Rc1 Qa3 29. g4 e4 30. Bg2 Nd7 31. Qd1 Nde5 32. Ra1 Qc5 33. Ra8+ Kh7 34. g5 Rxc3 35. Qa1 Qb4 36. Bf4 Nd3 37. Kh2 Rc2 38. Bg3 Nxf2 39. Qa6 Qd2 40. Kg1 Nd3 41. Bf1 Qxe3+ 42. Kh1 Qf3+ 43. Bg2 Qxg2# 0-1


[Site "https://www.chess.com"]

[Event "Titled Tuesday Blitz January 17 Early 2023"]
[White "Kobalia, Mikhail"]
[Black "Deac, Bogdan-Daniel"]
[WhiteFideId "4119150"]
[BlackFideId "1226380"]
[WhiteElo "2578"]
[BlackElo "2700"]
[Result "1/2-1/2"]
[Round "10"]
[TimeControl "180+2"]
[Date "2023.01.17"]
[WhiteClock "0:00:07"]
[BlackClock "0:00:02"]

1. e4 c5 2. Nf3 d6 3. d4 cxd4 4. Nxd4 Nf6 5. Nc3 e5 6. Nf5 Bxf5 7. exf5 d5 8. Bg5 Bb4 9. Bb5+ Nc6 10. O-O Bxc3 11. bxc3 a6 12. Ba4 O-O 13. Re1 Rc8 14. Bxf6 Qxf6 15. Qxd5 Qxf5 16. Rad1 Qf6 17. Bxc6 Qxc6 18. Qxc6 Rxc6 19. Rxe5 Rxc3 20. Re7 b5 21. Ra7 Ra3 22. g3 Rxa2 23. Rd6 Rxc2 24. Raxa6 Rb8 25. Ra7 Rcc8 26. Rdd7 Rf8 27. Rab7 b4 28. Rxf7 Rxf7 29. Rxb8+ Rf8 30. Rxb4 h5 31. Rb5 g6 32. Rb7 Rf5 33. Kg2 Ra5 34. Kf3 Rf5+ 35. Ke3 Re5+ 36. Kd4 Rf5 37. f4 h4 38. Ke4 hxg3 39. hxg3 Ra5 40. g4 Kf8 41. Rc7 Rb5 42. Ra7 Rc5 43. Rd7 Ra5 44. Rc7 Rb5 45. Kd4 Ra5 46. Rc5 Ra6 47. Ke5 Ke7 48. Rc7+ Kf8 49. Rd7 Ra4 50. g5 Kg8 51. Re7 Kf8 52. Rc7 Kg8 53. Rd7 Kf8 54. Kf6 Ra6+ 55. Ke5 Ra4 56. Rc7 Kg8 57. Rc5 Kf8 58. Rc6 Kf7 59. Rc7+ Kf8 60. Rd7 Kg8 61. Rd4 Ra5+ 62. Rd5 Ra4 63. Rc5 Kf7 64. Rc7+ Kf8 65. Rc6 Kf7 66. Rc7+ 1/2-1/2


[Site "https://www.chess.com"]

[Event "Titled Tuesday Blitz January 17 Early 2023"]
[White "Eljanov, Pavel"]
[Black "Cherniaiev, Tykhon"]
[WhiteFideId "14102951"]
[BlackFideId "14182360"]
[WhiteElo "2705"]
[BlackElo "2330"]
[Result "1-0"]
[Round "10"]
[TimeControl "180+2"]
[Date "2023.01.17"]
[WhiteClock "0:01:59"]
[BlackClock "0:00:09"]

1. c4 e5 2. g3 Nf6 3. Bg2 d5 4. cxd5 Nxd5 5. Nc3 Nb6 6. d3 Nc6 7. Nf3 Be7 8. O-O Be6 9. a3 a5 10. Be3 O-O 11. Rc1 f6 12. d4 exd4 13. Nxd4 Nxd4 14. Qxd4 Qxd4 15. Bxd4 Rad8 16. Bxb6 cxb6 17. Rfd1 Bb3 18. Bd5+ Bxd5 19. Nxd5 Bc5 20. b4 axb4 21. axb4 Bd6 22. Rc4 b5 23. Rcd4 Rc8 24. Nxf6+ Rxf6 25. Rxd6 Rxd6 26. Rxd6 Rc4 27. Rb6 Rxb4 28. Rxb7 Rb2 29. e4 b4 30. Kg2 h6 31. h4 h5 32. Kf3 Kh7 33. Rb6 b3 34. Ke3 Rb1 35. Kf4 b2 36. Kf5 g6+ 37. Kg5 Rc1 38. Rb7+ Kg8 39. Rxb2 Rc6 40. Rb7 Re6 41. f3 Rd6 42. e5 Re6 43. f4 Rc6 44. g4 hxg4 45. Kxg4 Ra6 46. Kg5 Rc6 47. h5 gxh5 48. Kxh5 Re6 49. Kg5 Kf8 50. Kf5 Rh6 51. e6 Rh5+ 52. Kf6 Rh6+ 53. Ke5 Rh1 54. f5 Rh2 55. f6 Re2+ 56. Kf5 Rf2+ 57. Kg5 Rg2+ 58. Kh4 Rh2+ 59. Kg3 Re2 60. Rb8# 1-0


[Site "https://www.chess.com"]

[Event "Titled Tuesday Blitz January 17 Early 2023"]
[White "Sadhwani, Raunak"]
[Black "Mikhailovsky, Vladimir"]
[WhiteFideId "35093487"]
[BlackFideId "34105414"]
[WhiteElo "2627"]
[BlackElo "2215"]
[Result "1-0"]
[Round "10"]
[TimeControl "180+2"]
[Date "2023.01.17"]
[WhiteClock "0:00:08"]
[BlackClock "0:00:01"]

1. Nf3 d5 2. g3 Nd7 3. Bg2 e5 4. d3 Ngf6 5. O-O c6 6. Nc3 Bc5 7. e4 dxe4 8. Nxe4 Nxe4 9. dxe4 O-O 10. Qe2 Qe7 11. Rd1 Nb6 12. Nh4 Re8 13. b3 g6 14. h3 a5 15. Nf3 f6 16. a3 Be6 17. Kh2 Rad8 18. Bd2 a4 19. Rdb1 axb3 20. cxb3 Bxa3 21. Ba5 Nd7 22. Bxd8 Rxd8 23. b4 Bxb4 24. Ra7 b5 25. Rc1 Bc5 26. Rb7 Bc4 27. Qd2 Qd6 28. Qc2 Nf8 29. Bf1 Bxf1 30. Rxf1 Rd7 31. Rxd7 Nxd7 32. Rd1 Qe6 33. Rxd7 Qxd7 34. Qxc5 Qd3 35. Ne1 Qxe4 36. Nc2 Qd5 37. Qb6 Qf3 38. Nb4 h5 39. h4 g5 40. hxg5 h4 41. Qd8+ Kh7 42. Qxf6 hxg3+ 43. fxg3 Qh5+ 44. Kg2 Qe2+ 45. Qf2 Qe4+ 46. Kh3 Qxb4 47. Qf7+ Kh8 48. g6 1-0


[Site "https://www.chess.com"]

[Event "Titled Tuesday Blitz January 17 Early 2023"]
[White "Harshavardhan G B"]
[Black "Shimanov, Aleksandr"]
[WhiteFideId "25059009"]
[BlackFideId "4198603"]
[WhiteElo "2408"]
[BlackElo "2581"]
[Result "0-1"]
[Round "10"]
[TimeControl "180+2"]
[Date "2023.01.17"]
[WhiteClock "0:01:56"]
[BlackClock "0:02:17"]

1. Nf3 Nf6 2. g3 g6 3. Bg2 Bg7 4. O-O O-O 5. d4 d6 6. c4 Nc6 7. Nc3 e5 8. dxe5 Nxe5 9. Nxe5 dxe5 10. Qxd8 Rxd8 11. Bg5 Rd4 12. b3 c6 13. Rad1 Be6 14. Be3 Rxd1 15. Rxd1 Bf8 16. Na4 Nd7 17. h4 f5 18. Bf3 Kf7 19. h5 Be7 20. hxg6+ hxg6 21. Kg2 e4 22. Bxe4 fxe4 23. Nc3 Nf6 24. Bg5 Bf5 25. e3 Bg4 26. Rg1 Bf3+ 27. Kf1 Rd8 28. Ke1 Bb4 0-1


[Site "https://www.chess.com"]

[Event "Titled Tuesday Blitz January 17 Early 2023"]
[White "Narayanan, Srinath"]
[Black "Mahdavi, Reza"]
[WhiteFideId "5018420"]
[BlackFideId "12595926"]
[WhiteElo "2559"]
[BlackElo "2339"]
[Result "0-1"]
[Round "10"]
[TimeControl "180+2"]
[Date "2023.01.17"]
[WhiteClock "0:01:19"]
[BlackClock "0:01:00"]

1. Nf3 g6 2. c4 Bg7 3. d4 d6 4. g3 Nf6 5. Bg2 O-O 6. Nc3 c5 7. O-O Nc6 8. d5 Na5 9. Nd2 a6 10. Qc2 b5 11. cxb5 axb5 12. Nxb5 Qb6 13. Nc3 Bf5 14. e4 Bc8 15. b3 Ba6 16. Re1 Rfb8 17. Rb1 Ng4 18. Na4 Qa7 19. Bb2 Ne5 20. Qc3 Bd3 21. Kh1 Bxb1 22. Rxb1 Bf6 23. Qc2 c4 24. f4 cxb3 25. axb3 Ng4 26. h3 Ne3 27. Qd3 Nxg2 28. Kxg2 Nxb3 29. Nxb3 Qxa4 30. Bxf6 exf6 31. Ra1 Qb4 32. Rxa8 Rxa8 33. Nd4 Ra3 34. Qd1 Qc3 35. Nf3 Qe3 36. e5 Ra2+ 37. Kh1 Qf2 0-1


[Site "https://www.chess.com"]